 Dungeon Crawl Stone Soup version 0.28-a0-1594-ga885d4b3d6 (webtiles) character file.

Game seed: 11703729347626112414

46 Shayle the Sneak (level 3, 0/28 HPs)
             Began as a Djinni Warper on Jan 20, 2022.
             Slain by an adder (2 damage)
             ... on level 3 of the Dungeon.
             The game lasted 00:08:03 (2850 turns).

Shayle the Sneak (Djinni Warper)                    Turns: 2850, Time: 00:08:04

Health: 0/28       AC:  3    Str: 10    XL:     3   Next: 92%
Gold:   41         EV: 12    Int: 16    God:
                   SH:  0    Dex: 18

rFire   + + .      SeeInvis .     - Unarmed
rCold   x . .      Faith    .   (no shield)
rNeg    . . .      Spirit   .   a - +0 leather armour
rPois   ∞          Reflect  .   (no helmet)
rElec   .          Harm     .   h - scarf {+Inv}
rCorr   +          Rampage  .   (no gloves)
Will    .....                   (boots unavailable)
Stlth   ++........              (no amulet)
HPRegen 0.09/turn               f - +6 ring of dexterity
MPRegen 0.00/turn               i - ring of resist corrosion

@: flying
A: sickness immunity, fire resistance 2, cold vulnerability 1, float, innate
caster, hp casting, extra vitality 1
a: Evoke Invisibility


You were on level 3 of the Dungeon.
You visited 1 branch of the dungeon, and saw 4 of its levels.

You collected 41 gold pieces.

Inventory:

Missiles
 c - 5 boomerangs of dispersal (quivered)
 l - 5 javelins
Armour
 a - a +0 leather armour (worn)
 d - an orb of energy
 h - a scarf of invisibility (worn)
Jewellery
 f - a +6 ring of dexterity (left hand)
 i - a ring of resist corrosion (right hand)
Wands
 j - a wand of polymorph (8)
Scrolls
 b - a scroll of blinking
 k - a scroll of summoning {unknown}
Potions
 e - a potion of mutation {unknown}
 g - 2 potions of lignification {unknown}
 m - a potion of heal wounds {unknown}
 n - 2 potions of might {unknown}


   Skills:
 - Level 2.0 Fighting
 - Level 0.7 Throwing
 - Level 1.0 Armour
 - Level 2.1 Dodging
 + Level 2.9 Stealth
 - Level 2.0 Unarmed Combat
 - Level 2.4 Spellcasting


You couldn't memorise any spells.
You knew the following spells:

 Your Spells              Type           Power      Damage    Failure   Level
a - Blink                 Tloc           18%        N/A       16%         2
b - Lesser Beckoning      Tloc           9%         N/A       30%         3
c - Gell's Gravitas       Tloc           9%         N/A       30%         3
d - Teleport Other        Tloc           9%         N/A       30%         3
e - Manifold Assault      Tloc           9%         N/A       95%         5
f - Animate Skeleton      Necr           18%        N/A       10%         1
Your spell library was empty.

Dungeon Overview and Level Annotations

Branches:
Dungeon (4/15)
 Temple: D:4-7

Altars:

Shops:
D:1 (   D:4 ?*


Innate Abilities, Weirdness & Mutations

You are immune to sickness and miasma.
You are immune to poison.
Your flesh is very heat resistant. (rF++)
You are vulnerable to cold. (rC-)
You float through the air rather than walking.
You learn spells naturally, not from books.
Your magical power is your life essence.
You have superior vitality. (+4 MHP)


Message History

The adder is severely wounded.
The adder bites you but does no damage.
You hit the adder but do no damage.
The adder is severely wounded.
The adder barely misses you.
You closely miss the adder.
The adder is severely wounded.
The adder bites you.
You barely miss the adder.
The adder is severely wounded.
The adder bites you. x2
You closely miss the adder.
The adder is severely wounded.
The adder bites you.
You hit the adder but do no damage.
The adder is severely wounded.
The adder misses you.
You hit the adder but do no damage.
The adder is heavily wounded.
The adder bites you. x2
You miss the adder.
The adder is heavily wounded.
The adder bites you.
* * * LOW HITPOINT WARNING * * *
You hit the adder.
The adder is almost dead.
The adder barely misses you.
You miss the adder.
The adder is almost dead.
The adder misses you.
You closely miss the adder.
The adder is almost dead.
The adder bites you.
* * * LOW HITPOINT WARNING * * *
You barely miss the adder.
The adder is almost dead.
The adder bites you.
* * * LOW HITPOINT WARNING * * *
The adder bites you.
You die...

###########
#.........#######
#..........#######
#@##.#####........
#S##.# ########.
#.##.# #....
#.##.# ####....
#....# ..#(...
###..# #...... ..#
.###.... #..#
........ ###....


You could see an adder.

Vanquished Creatures
  4 dart slugs
  3 bats (D:1)
  6 endoplasms
  2 giant cockroaches
  4 goblins
  2 hobgoblins
  A quokka (D:2)
  5 ball pythons
  4 frilled lizards (D:2)
  2 kobolds (D:1)
  4 rats
37 creatures vanquished.

Notes
Turn   | Place    | Note
-------+----------+-------------------------------------------
     0 | D:1      | Shayle the Djinni Warper began the quest for the Orb.
     0 | D:1      | Reached XP level 1. HP: 18/18 MP: 0/0
   140 | D:1      | Reached skill level 1 in Stealth
   335 | D:1      | Reached XP level 2. HP: 23/23 MP: 0/0
   820 | D:1      | Reached XP level 3. HP: 26/28 MP: 0/0
   820 | D:1      | Learned a level 1 spell: Animate Skeleton
  1347 | D:1      | Found Pothog's Weapon Boutique.
  2331 | D:2      | Found a faded altar of an unknown god.
  2760 | D:2      | You are sucked into a shaft and drop 2 floors!
  2760 | D:4      | Found Itib's Assorted Antiques.
  2761 | D:4      | Found Teorph's Magic Scroll Boutique.
  2850 | D:3      | Slain by an adder

Illustrated notes

Levels and vault maps discovered:
D:1:      dpeg_arrival_simpleton_b, layout_basic, serial_shops,
          nicolae_shop_stone
D:2:      layout_loops_ring, chequers_ecumenical_altar_island
D:3:      layout_loops_ring, gammafunk_temple_overflow_statue
D:4:      layout_loops_ring, nicolae_ru_great_annihilating_truth,
          mainiacjoe_overflow_surrounded_room, serial_shops, shop,
          nicolae_shop_hallway_plus, shop

Skill      XL: |  1  2 |
---------------+-------+-----
Stealth        | 1 2 |  2.9
Fighting       | |  2.0
Throwing       | |  0.7
Armour         | |  1.0
Dodging        | |  2.1
Unarmed Combat | |  2.0
Spellcasting   | |  2.4

Action                   || total
-------------------------++-------
Melee: Unarmed           ||   177
       Punch             ||     5
 Stab: Sleeping          ||     6
Armor: Leather armour    ||    41
Dodge: Dodged            ||    93

Table legend: (Time is in decaauts)
 A = Elapsed time spent in this place.
 B = Non-inter-level travel time spent in this place.
 C = Inter-level travel time spent in this place.
 D = Time resting spent in this place.
 E = Time spent auto-exploring this place.
 F = Levels seen in this place.
 G = Mean time per level.
                   A        B        C        D        E       F      G
               +--------+--------+--------+--------+--------+-----+--------+
         Total |   2841 |   2783 |     58 |    596 |   1694 |   4 |  710.2 |
       Dungeon |   2841 |   2783 |     58 |    596 |   1694 |   4 |  710.2 |
               +--------+--------+--------+--------+--------+-----+--------+

Top non-repeatable levels by time:
     D:1: 1716 daAuts
     D:2: 1036 daAuts
     D:3: 70 daAuts
     D:4: 17 daAuts
